 Dungeon Crawl Stone Soup version 0.27-a0-1359-ga2a4dfd6fd (webtiles) character file.

Game seed: 8381023549845655966

6346 Brandom the Grappler (level 10, -1/104 HPs)
             Began as a Troll Delver on June 28, 2021.
             Was an Initiate of Gozag.
             Slain by a wyvern (13 damage)
             ... on level 8 of the Dungeon.
             The game lasted 00:25:22 (7100 turns).

Brandom the Grappler (Troll Delver)                 Turns: 7100, Time: 00:25:23

Health: -1/104     AC:  4    Str: 22    XL:     10   Next: 64%
Magic:  0/9        EV: 11    Int:  6    God:    Gozag
Gold:   1424       SH:  0    Dex: 10    Spells: 9/9 levels left

rFire    + + +     SeeInvis +     - Unarmed
rCold    . . .     Faith    .   (no shield)
rNeg     . . .     Spirit   +   a - +0 robe
rPois    +         Reflect  .   (helmet restricted)
rElec    .         Harm     .   (no cloak)
rCorr    .         Rampage  .   (gloves unavailable)
Will     .....                  (boots unavailable)
Stlth    +.........             f - amulet of guardian spirit
HPRegen  1.27/turn              s - ring of Temperance {rPois rF+++ Dex-4 SInv Stlth-}
MPRegen  0.11/turn              (no ring)

@: no status effects
A: large, unfitting armour, claws 3, regeneration 1, shaggy fur 1, tough skin 1
a: Renounce Religion, Potion Petition, Call Merchant, Bribe Branch


You were on level 8 of the Dungeon.
You worshipped Gozag.
Gozag was most pleased with you.
You visited 1 branch of the dungeon, and saw 9 of its levels.
You also visited: Sewer.

You collected 1424 gold pieces.

Inventory:

Missiles
 c - a curare-tipped dart {!f}
 i - 26 poisoned darts (quivered)
Armour
 a - a +0 robe (worn)
Jewellery
 f - an amulet of guardian spirit (around neck)
   (You found it on level 5 of the Dungeon)
 s - the ring of Temperance (left claw) {rPois rF+++ Dex-4 SInv Stlth-}
   (You found it on level 4 of the Dungeon)

   [ring of poison resistance]

   Dex:       It affects your dexterity (-4).
   rF:        It renders you almost immune to fire.
   rPois:     It protects you from poison.
   SInv:      It lets you see invisible.
   Stlth:     It makes you less stealthy.
Wands
 v - a wand of digging (3)
Scrolls
 b - 4 scrolls of fog
 g - 2 scrolls of amnesia {unknown}
 l - a scroll of noise {!r}
 m - 4 scrolls of brand weapon {unknown}
 n - 3 scrolls of enchant armour {unknown}
 o - 5 scrolls of teleportation {@r4}
 p - a scroll of blinking
 q - 2 scrolls of summoning {unknown}
 t - a scroll of holy word {unknown}
 x - a scroll of enchant weapon {unknown}
Potions
 d - 5 potions of curing {@q1}
 e - 4 potions of degeneration {!q}
 h - 2 potions of haste {@q3}
 j - 3 potions of flight
 k - 4 potions of heal wounds {unknown}
 r - 2 potions of magic
 u - a potion of brilliance
 w - 2 potions of might


   Skills:
 * Level 8.3 Fighting
 + Level 5.8 Throwing
 + Level 5.7 Dodging
 - Level 2.7 Stealth
 * Level 9.7 Unarmed Combat


You had 9 spell levels left.
You didn't know any spells.
Your spell library contained the following spells:

 Spells                   Type           Power      Damage    Failure   Level
 Magic Dart               Conj           0%         1d3       45%         1
 Blink                    Tloc           N/A        N/A       58%         2
 Call Imp                 Summ           0%         N/A       58%         2
 Slow                     Hex            0%         N/A       58%         2
 Conjure Flame            Conj/Fire      0%         6-21      83%         3
 Mephitic Cloud           Conj/Pois/Air  0%         N/A       83%         3
 Bolt of Magma            Conj/Fire/Erth 0%         4d4       100%        5
 Iskenderun's Battlesphe  Conj           0%         2d6       100%        5
 Iron Shot                Conj/Erth      0%         9d1       100%        6
 Orb of Destruction       Conj           0%         N/A       100%        7
 Spellforged Servitor     Conj/Summ      0%         N/A       100%        7


Dungeon Overview and Level Annotations

Branches:
Dungeon (9/15)             Temple (0/1) D:6            Lair (0/6) D:9
    Orc (0/2) D:9           Sewer (visited)

Altars:
Dithmenos
Gozag
Hepliaklqana
Kikubaaqudgha
Makhleb
Nemelex Xobeh
Okawaru
Sif Muna
Uskayaw
Yredelemnul
The Shining One

Shops:
D:5 !

Annotations:
D:5 3 runed translucent doors, Arzdou's ghost, novice MiBe


Innate Abilities, Weirdness & Mutations

You are too large for most types of armour.
You have claws for hands.
Your natural rate of healing is unusually fast.
You are covered in fur. (AC +1)
You have tough skin. (AC +1)


Message History

The black bear claws you.
* * * LOW HITPOINT WARNING * * *
The wyvern bites you. The wyvern bites you!
* * * LOW HITPOINT WARNING * * *
The black bear completely misses you.
The black bear claws you but does no damage. x2
The wyvern bites you.
* * * LOW HITPOINT WARNING * * *
The black bear bites you!
* * * LOW HITPOINT WARNING * * *
The black bear claws you but does no damage.
The black bear claws you. The wyvern bites you.
* * * LOW HITPOINT WARNING * * *
The wyvern bites you!
* * * LOW HITPOINT WARNING * * *
The black bear bites you but does no damage.
The black bear claws you but does no damage.
The black bear claws you.
You turn to flesh and can move again.
The wyvern bites you!
* * * LOW HITPOINT WARNING * * *
The wyvern barely misses you. The wyvern barely misses you.
The wyvern barely misses you. The wyvern bites you.
* * * LOW HITPOINT WARNING * * *
There is a stone staircase leading up here.
The wyvern completely misses you.
You climb upwards.
There is a stone staircase leading down, spattered with blood here.
The wyvern misses you. The wyvern misses you. The wyvern barely misses you.
You barely miss the wyvern. The wyvern closely misses you.
You scratch the wyvern. The wyvern closely misses you.
You scratch the wyvern. The wyvern bites you.
* * * LOW HITPOINT WARNING * * *
The wyvern hisses menacingly.
The wyvern bites you.
* * * LOW HITPOINT WARNING * * *
You closely miss the wyvern. The wyvern bites you!
* * * LOW HITPOINT WARNING * * *
Okay, then.
You claw the wyvern! The wyvern bites you!
* * * LOW HITPOINT WARNING * * *
Unknown command.
The wyvern bites you!
You die...
Your body crumbles into a pile of gold.

...#.##..#.#######...######......
####.....)..# #...# #.##.#.
#....<)..# #...# #.##.#.
#.....##.# #...# #.##...
##.#[###.#### ##.## #.##...
#.#.#......# #.# #.##.#. #
#.[........# #.# #......
#######....##..####.# #####.##
...>............@l..######.###...
########.<.##..###........#.#####
#...##[.# ##......##...#
#....[).# #.#####.##### #
##..##### #.# ##.##.### #.## #>#
###..#.# #.# #.# #..... ###.###
###.### #⌠.... #.....# #..>..#
#..#.#


You could see a wyvern.

Vanquished Creatures
  A two-headed ogre (D:7)
  A death yak (D:8)
  4 slime creatures (D:8)
  5 yaks (D:8)
  3 vampire mosquitoes (D:7)
  5 orc warriors
  3 sky beasts
  An ice beast (D:4)
  5 ogres
  2 centaurs
  2 kobold brigands
  2 bullfrogs
  A gnoll sergeant (D:6)
  A wyvern skeleton (D:6)
  2 water moccasin skeletons (D:5)
  8 wights
  4 killer bees (D:8)
  3 bullfrog zombies
  3 hounds
  2 jellies (D:4)
  3 orc priests
  A bullfrog skeleton (D:6)
  3 iguanas
  5 orc wizards
  A killer bee zombie (D:8)
  A hound skeleton (D:4)
  A howler monkey zombie (D:6)
  6 gnolls
  A howler monkey skeleton (D:6)
  7 adders
  2 river rats (Sewer)
  A shadow imp (D:6)
  An ufetubus (D:6)
  2 adder skeletons (D:4)
  4 dart slugs
  23 orcs
  11 ball pythons
  3 bats
  6 endoplasms (D:1)
  6 giant cockroaches
  6 goblins
  4 hobgoblins (D:1)
  5 jackals
  A quokka (D:2)
  5 frilled lizards
  16 kobolds
  6 rats
189 creatures vanquished.

Vanquished Creatures (others)
  A fungus (D:9)
1 creature vanquished.

Grand Total: 190 creatures vanquished

Notes
Turn   | Place    | Note
-------+----------+-------------------------------------------
     0 | D:5      | Brandom the Troll Delver began the quest for the Orb.
     0 | D:5      | Reached XP level 1. HP: 22/22 MP: 0/0
    96 | D:4      | Found an ancient bone altar of Kikubaaqudgha.
   108 | D:4      | Reached XP level 2. HP: 29/29 MP: 1/1
   160 | D:4      | Reached XP level 3. HP: 31/36 MP: 2/2
   233 | D:4      | Reached skill level 1 in Throwing
   270 | D:3      | Found a glowing drain.
   280 | D:3      | Reached XP level 4. HP: 45/45 MP: 3/3
   287 | D:3      | Reached skill level 3 in Unarmed Combat
   293 | Sewer    | Entered a sewer
   355 | Sewer    | Noticed a kobold brigand
   396 | Sewer    | HP: 1/45 [kobold brigand (5)]
   423 | Sewer    | Killed a kobold brigand
   424 | Sewer    | Reached XP level 5. HP: 53/53 MP: 4/4
   457 | Sewer    | Found a glowing silver altar of Zin.
   963 | D:1      | Found a faded altar of an unknown god.
  1004 | D:1      | Became a worshipper of Gozag Ym Sagoz the Greedy
  1069 | D:1      | Reached skill level 4 in Unarmed Combat
  2256 | D:3      | Found an opulent altar of Gozag.
  2262 | D:3      | Reached XP level 6. HP: 62/62 MP: 5/5
  2490 | D:4      | Noticed an ice beast
  2519 | D:4      | Killed an ice beast
  2558 | D:4      | Found a shadowy altar of Dithmenos.
  2660 | D:4      | Identified the ring of Temperance {rPois rF+++ Dex-4 SInv
                  | Stlth-}
  2821 | D:4      | Found a basalt altar of Yredelemnul.
  2894 | D:4      | Found a shimmering blue altar of Sif Muna.
  2897 | D:4      | Reached XP level 7. HP: 68/70 MP: 6/6
  3063 | D:5      | Reached skill level 5 in Unarmed Combat
  3258 | D:5      | Found an iron altar of Okawaru.
  3282 | D:5      | Reached skill level 5 in Fighting
  3283 | D:5      | Reached XP level 8. HP: 78/80 MP: 4/7
  3384 | D:5      | Reached skill level 6 in Unarmed Combat
  3489 | D:5      | Found a runed translucent gate.
  3489 | D:5      | Found a runed translucent gate.
  3489 | D:5      | Found a runed translucent gate.
  3495 | D:5      | Noticed Arzdou's ghost (novice MiBe)
  4041 | D:6      | Reached skill level 7 in Unarmed Combat
  4167 | D:6      | Reached XP level 9. HP: 63/89 MP: 4/8
  4216 | D:6      | Found a staircase to the Ecumenical Temple.
  5348 | D:7      | Found a hide-covered altar of Uskayaw.
  5417 | D:7      | Reached skill level 8 in Unarmed Combat
  5804 | D:8      | Noticed a two-headed ogre
  6050 | D:7      | Killed a two-headed ogre
  6051 | D:7      | Reached skill level 5 in Throwing
  6051 | D:7      | Reached skill level 5 in Dodging
  6051 | D:7      | Reached XP level 10. HP: 52/102 MP: 3/9
  6447 | D:8      | Found a glowing golden altar of the Shining One.
  6469 | D:8      | Found a sparkling altar of Nemelex Xobeh.
  6513 | D:8      | Reached skill level 9 in Unarmed Combat
  6696 | D:8      | Found a hazy altar of Hepliaklqana.
  6710 | D:8      | Found a burning altar of Makhleb.
  6927 | D:9      | Found a staircase to the Orcish Mines.
  6948 | D:9      | Found a staircase to the Lair.
  6948 | D:9      | Noticed a death yak
  6985 | D:8      | Killed a death yak
  7100 | D:8      | Slain by a wyvern

Illustrated notes

Levels and vault maps discovered:
D:1:      dpeg_arrival_castle, layout_loops_ring, basic_ecumenical_altar
D:2:      layout_basic, amcnicky_mini_rare_corridor_liquid
D:3:      layout_rooms, marbit_many_paths, portal_sewer_entry_a,
          minmay_misc_feat_tower
D:4:      layout_rooms, nicolae_dithmenos_through_a_glass_darkly,
          nicolae_sif_muna_little_library, amcnicky_altar_gilded,
          general_overflow_altar, chequers_serial_rivers_micro_d, fountainhead,
          minivault_19
D:5:      layout_rooms, okawaru_gym_becter, serial_shops, nicolae_diamond_shop,
          ebering_ghost_rock_garden, kennysheep_generic_room_13
D:6:      layout_layer_cave, minmay_temple_entry_enclosed_plants, minmay_between
D:7:      layout_basic, eat_drink_and_be_merry_uskayaw
D:8:      layout_loops_cross, lemuel_tele_altar, minitemple
D:9:      layout_irregular_city, david_lair_generic, orc_0_dummy, serial_shops,
          shop

Skill      XL: |  1  2  3  4  5  6  7  8  9 10 |
---------------+-------------------------------+-----
Fighting       | 3 4 5 6 7 8 |  8.3
Throwing       | 1 2 3 4 5 |  5.8
Dodging        | 2 3 4 5 |  5.7
Unarmed Combat | 3 4 5 7 8 9 |  9.7
Stealth        | |  2.7

Action                   |  1- 3 |  4- 6 |  7- 9 | 10-12 || total
-------------------------+-------+-------+-------+-------++-------
Melee: Unarmed           |    40 |   191 |   351 |    85 ||   667
       Punch             |       |     3 |    14 |     7 ||    24
Throw: Dart              |       |       |     1 |       ||     1
  Use: Scroll            |     1 |     1 |     9 |       ||    11
 Stab: Sleeping          |       |    11 |       |       ||    11
Armor: Robe              |    11 |    51 |    47 |    29 ||   138
Dodge: Dodged            |    35 |    85 |   156 |    38 ||   314

Table legend: (Time is in decaauts)
 A = Elapsed time spent in this place.
 B = Non-inter-level travel time spent in this place.
 C = Inter-level travel time spent in this place.
 D = Time resting spent in this place.
 E = Time spent auto-exploring this place.
 F = Levels seen in this place.
 G = Mean time per level.
                   A        B        C        D        E       F      G
               +--------+--------+--------+--------+--------+-----+--------+
         Total |   7114 |   6884 |    230 |    235 |   4654 |  10 |  711.4 |
       Dungeon |   6837 |   6607 |    230 |    235 |   4526 |   9 |  759.7 |
         Sewer |    277 |    277 |      0 |      0 |    127 |   1 |  277.0 |
               +--------+--------+--------+--------+--------+-----+--------+

Top non-repeatable levels by time:
     D:6: 1302 daAuts
     D:7: 1020 daAuts
     D:8: 1011 daAuts
     D:1: 778 daAuts
     D:2: 735 daAuts
     D:4: 709 daAuts
     D:5: 694 daAuts
     D:3: 462 daAuts
   Sewer: 277 daAuts
     D:9: 122 daAuts
